 Dungeon Sprint DCSS version 0.30-a0-335-ge5acde7520 (webtiles) character file.

Game seed: 5575910349484126739

28283 mhtbhm the Tortoise (level 13, -21/138 HPs)
             Began as an Armataur Fighter on Oct 30, 2022.
             Was an Initiate of Gozag.
             Killed from afar by a shock serpent (26 damage)
             ... with a bolt of electricity
             ... in the Dungeon (Sprint IX: "|||||||||||||||||||||||||||||").
             The game lasted 00:10:37 (4790 turns).

mhtbhm the Tortoise (Armataur Fighter)              Turns: 4790, Time: 00:10:37

Health: -21/138    AC: 42    Str: 35    XL:     13   Next: 8%
Magic:  13/13      EV:  7    Int: 13    God:    Gozag
Gold:   6379       SH:  9    Dex: 10    Spells: 12/12 levels left

rFire   . . .      SeeInvis .    a - +5 morningstar (protect)
rCold   . . .      Faith    .    c - +2 buckler {AC+3}
rNeg    . . .      Spirit   .    b - +2 chain mail {rPois}
rPois   +          Reflect  .    m - +0 helmet
rElec   .          Harm     .    B - +1 cloak
rCorr   .          Roll     +    E - +2 pair of gloves of Cowardice {Str+6 Int+4}
Will    +....      NoTele   +    g - +0 barding
Stlth   +.........               (no amulet)
HPRegen 0.43/turn                o - +3 ring of strength
MPRegen 0.13/turn                x - ring of willpower

@: gold aura, under a protective aura, slowed, very slow
A: large, rugged brown scales 3, deformed body, armoured tail, roll, long
tongue, awkward tongue
a: Renounce Religion, Potion Petition, Call Merchant, Bribe Branch


You were in the Dungeon.
You worshipped Gozag.
Gozag was greatly pleased with you.
You visited 1 branch You collected 11214 gold pieces.
You spent 1801 gold pieces at shops.
You paid 3034 gold pieces to Gozag.

Inventory:

Hand Weapons
 a - a +5 morningstar of protection (weapon)
Missiles
 d - 9 poisoned darts (quivered)
Armour
 b - a +2 chain mail of poison resistance (worn)
 c - a +2 buckler of protection (worn)
 g - a +0 barding (worn)
 m - a +0 helmet (worn)
 B - a +1 cloak (worn)
 E - the +2 pair of gloves of Cowardice (worn) {Str+6 Int+4}
   (You bought it in a shop in the Dungeon)

   Str:       It affects your strength (+6).
   Int:       It affects your intelligence (+4).
Jewellery
 o - a +3 ring of strength (left hand)
 x - a ring of willpower (right hand)
 y - a ring of ice
 z - a ring of fire
 A - a ring of resist corrosion
Scrolls
 f - a scroll of fear
 j - 2 scrolls of blinking
 k - 2 scrolls of amnesia
 n - 2 scrolls of enchant weapon
 p - 2 scrolls of identify
 q - 6 scrolls of enchant armour
 r - 2 scrolls of fog
 v - a scroll of summoning {unknown}
Potions
 e - a potion of curing
 h - 4 potions of magic
 i - 2 potions of brilliance
 l - 2 potions of haste
 s - a potion of flight {unknown}
 t - a potion of ambrosia {unknown}
 u - a potion of degeneration {unknown}
 w - a potion of attraction {unknown}
 C - 2 potions of heal wounds
 D - a potion of mutation


   Skills:
 + Level 16.2 Fighting
 + Level 17.9 Maces & Flails
 + Level 2.3 Throwing
 + Level 20.3 Armour
 + Level 5.1 Dodging
 + Level 9.8 Stealth
 + Level 14.0 Shields
 + Level 4.4 Evocations


You had 12 spell levels left.
You didn't know any spells.
Your spell library contained the following spells:

 Spells                   Type           Power      Damage    Failure   Level
 Tukima's Dance           Hex            0%         N/A       94%         3
 Passage of Golubria      Tloc           0%         N/A       100%        4
 Yara's Violent Unravell  Hex/Tmut       0%         3d3       100%        5


Dungeon Overview and Level Annotations

Branches:
Dungeon (1/1)

Altars:
Cheibriados
Dithmenos
Elyvilon
Fedhas
Gozag
Hepliaklqana
Kikubaaqudgha
Makhleb
Nemelex Xobeh
Okawaru
Qazlal
Ru
Sif Muna
Trog
Uskayaw
Vehumet
Wu Jian
Xom
Yredelemnul
Zin
The Shining One
Jiyva
Lugonu

Shops:
D :[*(*[[


Innate Abilities, Weirdness & Mutations

You are completely covered in rugged brown scales. (AC +3, +7% HP)
Armour fits poorly on your strangely shaped body.
You have a long armoured tail.
You roll when moving toward enemies. (Rampage)
Your long tongue fully drains potion bottles. (2x potion effects)
Your tongue gives you trouble enunciating. (1.5x scroll delay)


Message History

The naga is almost dead.
The shock serpent is no longer distracted by gold.
The black mamba is no longer distracted by gold.
You block the naga's attack. The naga grabs you. The naga constricts you.
The black mamba is distracted by your dazzling golden aura.
You barely miss the naga.
The naga is almost dead.
The naga is distracted by your dazzling golden aura.
The naga constricts you.
Unknown command.
You catch the helpless naga completely off-guard!
You bludgeon the naga!!
You kill the naga!
The shock serpent shoots out a bolt of lightning at you!
The bolt of electricity hits you!
* * * LOW HITPOINT WARNING * * *
The shock serpent shoots out a bolt of lightning at you!
The bolt of electricity hits you!!
* * * LOW HITPOINT WARNING * * *
Your Shields skill increases to level 14!
You roll towards the shock serpent!
You impale the shock serpent!!
Your tail-slap misses the shock serpent.
The shock serpent is heavily wounded.
The shock serpent's electric aura discharges, shocking you!
You block the shock serpent's attack.
The shock serpent is distracted by your dazzling golden aura.
Unknown command.
You closely miss the shock serpent.
The shock serpent hisses angrily.
You tail-slap the shock serpent!
The shock serpent is severely wounded.
The shock serpent's electric aura discharges, shocking you!
The black mamba is no longer distracted by gold.
The shock serpent shoots out a bolt of lightning at you!
The bolt of electricity hits you!
* * * LOW HITPOINT WARNING * * *
The shock serpent shoots out a bolt of lightning at you!
The bolt of electricity hits you!!
You die...
Your body crumbles into a pile of gold.

,,,,,,,,,,,,,,,,,,,,,,,,,,,,,,,,,
*********************************
,,,,,,,,,,,,,,,,,,,,,,,,,,,,,,,,,
*********************************
,,,,,,,,,+,,,,,,,,,,,,,,,,,,+,,,,
*********************************
,,,,,,,,,,,,,,,,,,,,,,,,,,,,,,,,,
**********▓▓▓▓▓▓▓▓▓▓▓▓▓▓▓▓▓▓▓▓▓▓▓
+,,,,,,,,,+..SSS@$$$'......).)'..
♣▓▓▓▓▓▓▓▓▓▓▓▓▓▓▓▓▓▓▓▓▓▓▓▓▓▓▓▓▓▓▓▓
.................................
▓▓▓▓▓▓▓▓▓▓▓▓▓▓▓▓▓▓▓▓▓▓▓▓▓▓▓▓▓▓▓▓▓
)..'∩∩......=..[.[[[[[.))))))))..
▓▓▓▓▓▓▓▓▓▓▓▓▓▓▓▓▓▓▓▓▓▓▓▓▓▓▓▓▓▓▓▓▓
.................................
▓▓▓▓▓▓▓▓▓▓▓▓▓▓▓▓▓▓▓▓▓▓▓▓▓▓▓▓▓▓▓▓▓
.)...[.......)..))'....)))).)).))


You could see 2 shock serpents and a black mamba.

Vanquished Creatures
  A nagaraja (D)
  A fire giant (D)
  Nessos (D)
  A hydra (D)
  3 rakshasas (D)
  A catoblepas (D)
  2 merfolk avatars (D)
  A centaur warrior (D)
  A deep troll shaman (D)
  2 death yaks (D)
  A satyr (D)
  A naga warrior (D)
  5 orc high priests (D)
  A spriggan berserker (D)
  A skeletal warrior (D)
  2 sea snakes (D)
  2 orc knights (D)
  A cyclops (D)
  An ugly thing (D)
  3 manticores (D)
  A merfolk siren (D)
  A water nymph (D)
  3 naga magi (D)
  A gargoyle (D)
  8 elephants (D)
  2 komodo dragons (D)
  An efreet (D)
  A troll (D)
  2 blink frogs (D)
  2 slime creatures (D)
  A wind drake (D)
  A shadow (D)
  3 yaks (D)
  A water elemental (D)
  A wyvern (D)
  Grum (D)
  2 basilisks (D)
  A naga (D)
  A water moccasin (shapeshifter) (D)
  3 water moccasins (D)
  11 orc warriors (D)
  6 wolves (D)
  A kobold brigand (D)
  2 bullfrogs (D)
  2 gnoll sergeants (D)
  A howler monkey (D)
  11 orc priests (D)
  6 orc wizards (D)
  A worm (D)
  A dart slug (D)
  6 orcs (D)
  A bat (D)
  2 frilled lizards (D)
  A goblin (D)
  A rat (D)
122 creatures vanquished.

Notes
Turn   | Place    | Note
-------+----------+-------------------------------------------
     0 | D        | mhtbhm the Armataur Fighter began the quest for the Orb.
     0 | D        | Reached XP level 1. HP: 19/19 MP: 1/1
     7 | D        | Reached skill level 4 in Armour
    26 | D        | Noticed a howler monkey
    31 | D        | Reached XP level 2. HP: 27/27 MP: 2/2
    34 | D        | Killed a howler monkey
    35 | D        | Reached skill level 5 in Armour
    35 | D        | Reached skill level 5 in Shields
    35 | D        | Reached XP level 3. HP: 36/36 MP: 3/3
    41 | D        | Found a snail-covered altar of Cheibriados.
    41 | D        | Found a shadowy altar of Dithmenos.
    41 | D        | Found a white marble altar of Elyvilon.
    41 | D        | Found a blossoming altar of Fedhas.
    41 | D        | Found an opulent altar of Gozag.
    42 | D        | Found a hazy altar of Hepliaklqana.
    43 | D        | Found a viscous altar of Jiyva.
    44 | D        | Found an ancient bone altar of Kikubaaqudgha.
    45 | D        | Found a corrupted altar of Lugonu.
    46 | D        | Found a burning altar of Makhleb.
    47 | D        | Found a sparkling altar of Nemelex Xobeh.
    48 | D        | Found an iron altar of Okawaru.
    49 | D        | Found a stormy altar of Qazlal.
    51 | D        | Became a worshipper of Gozag Ym Sagoz the Greedy
    53 | D        | Found a sacrificial altar of Ru.
    54 | D        | Found a shimmering blue altar of Sif Muna.
    55 | D        | Found a bloodstained altar of Trog.
    56 | D        | Found a hide-covered altar of Uskayaw.
    57 | D        | Found a radiant altar of Vehumet.
    58 | D        | Found an ornate altar of the Wu Jian Council.
    59 | D        | Found a shimmering altar of Xom.
    60 | D        | Found a basalt altar of Yredelemnul.
    61 | D        | Found a glowing silver altar of Zin.
    62 | D        | Found a glowing golden altar of the Shining One.
   111 | D        | Noticed an orc warrior
   111 | D        | Noticed a kobold brigand
   111 | D        | Noticed a yak
   111 | D        | Noticed a shadow
   111 | D        | Noticed a gargoyle
   111 | D        | Noticed a gnoll sergeant
   115 | D        | Killed a gnoll sergeant
   128 | D        | Killed a gargoyle
   129 | D        | Reached skill level 9 in Armour
   129 | D        | Reached skill level 1 in Dodging
   129 | D        | Reached XP level 4. HP: 44/50 MP: 4/4
   129 | D        | Reached XP level 5. HP: 48/55 MP: 5/5
   129 | D        | Reached XP level 6. HP: 56/64 MP: 6/6
   134 | D        | Killed a shadow
   135 | D        | Reached XP level 7. HP: 27/70 MP: 7/7
   137 | D        | Killed a yak
   138 | D        | Reached skill level 10 in Armour
   142 | D        | Reached skill level 1 in Stealth
   299 | D        | Noticed a five-headed hydra
   299 | D        | Noticed a troll
   299 | D        | Noticed a manticore
   299 | D        | Noticed a slime creature
   299 | D        | Noticed a manticore
   307 | D        | Killed a manticore
   308 | D        | Reached skill level 11 in Armour
   308 | D        | Reached XP level 8. HP: 61/80 MP: 8/8
   310 | D        | Killed a slime creature
   399 | D        | Killed a manticore
   400 | D        | Reached skill level 10 in Maces & Flails
   400 | D        | Reached skill level 12 in Armour
   400 | D        | Reached skill level 1 in Evocations
   414 | D        | Killed a five-headed hydra
   414 | D        | Killed a troll
   415 | D        | Reached skill level 13 in Armour
   415 | D        | Reached skill level 5 in Stealth
   415 | D        | Reached skill level 10 in Shields
   415 | D        | Reached XP level 9. HP: 18/88 MP: 9/9
   843 | D        | Noticed a death yak
   861 | D        | Killed a death yak
   870 | D        | Reached skill level 14 in Armour
   886 | D        | Reached XP level 10. HP: 41/98 MP: 10/10
  1069 | D        | Noticed a death yak
  1093 | D        | Killed a death yak
  1094 | D        | Reached skill level 10 in Fighting
  1107 | D        | Reached skill level 15 in Armour
  1578 | D        | Noticed an elephant
  1578 | D        | Noticed an elephant
  1578 | D        | Noticed an elephant
  1578 | D        | Noticed an elephant
  1578 | D        | Noticed an elephant
  1578 | D        | Noticed an elephant
  1590 | D        | Killed an elephant
  1597 | D        | Killed an elephant
  1778 | D        | Killed an elephant
  1788 | D        | Killed an elephant
  1789 | D        | Reached skill level 16 in Armour
  1798 | D        | Noticed an elephant
  1801 | D        | Noticed an elephant
  1803 | D        | Killed an elephant
  1811 | D        | Killed an elephant
  1812 | D        | Reached XP level 11. HP: 81/109 MP: 11/11
  2021 | D        | Noticed Grum
  2038 | D        | Killed Grum
  2317 | D        | Noticed an orc knight
  2333 | D        | Killed an orc knight
  2334 | D        | Noticed an orc high priest
  2342 | D        | Reached skill level 17 in Armour
  2726 | D        | Noticed a soul eater
  2747 | D        | Killed an orc high priest
  2748 | D        | Reached skill level 15 in Maces & Flails
  2756 | D        | Noticed an orc knight
  2939 | D        | Killed an orc knight
  3273 | D        | Found Toorog's Assorted Antiques.
  3273 | D        | Noticed an orc high priest
  3273 | D        | Noticed an orc high priest
  3273 | D        | Noticed an orc high priest
  3279 | D        | Noticed a soul eater
  3377 | D        | Killed an orc high priest
  3378 | D        | Reached skill level 1 in Throwing
  3593 | D        | Killed an orc high priest
  3709 | D        | Killed an orc high priest
  3808 | D        | Found Baojaikh's Assorted Antiques.
  3809 | D        | Found Cezoefel's Armour Boutique.
  3832 | D        | Found Usotuuv's Book Shop.
  3835 | D        | Noticed an orc high priest
  3836 | D        | Noticed a sixfirhy
  3875 | D        | Killed an orc high priest
  3876 | D        | Reached skill level 18 in Armour
  3935 | D        | Bought a pair of embroidered gloves for 187 gold pieces
  3935 | D        | Bought a potion of haste for 250 gold pieces
  3957 | D        | Bought a scroll of fear for 112 gold pieces
  3957 | D        | Bought a scroll labelled GIUZYMN INYC for 28 gold pieces
  3957 | D        | Bought a scroll labelled XOUBUATIST for 28 gold pieces
  3957 | D        | Bought a brown potion for 25 gold pieces
  3957 | D        | Bought a fizzy yellow potion for 25 gold pieces
  3957 | D        | Bought a cyan potion for 25 gold pieces
  3957 | D        | Bought a scroll labelled AKEKKY HIDI for 28 gold pieces
  3957 | D        | Bought a potion of haste for 280 gold pieces
  3959 | D        | Bought a clear potion for 22 gold pieces
  3972 | D        | Bought a runed morningstar for 196 gold pieces
  4173 | D        | Bought the +2 pair of gloves of Cowardice {Str+6 Int+4} for
                  | 595 gold pieces
  4184 | D        | Noticed a skeletal warrior
  4184 | D        | Noticed a catoblepas
  4187 | D        | Noticed a centaur warrior
  4191 | D        | Killed a catoblepas
  4197 | D        | Noticed a deep troll shaman
  4206 | D        | Noticed a rakshasa
  4208 | D        | Reached XP level 12. HP: 98/124 MP: 12/12
  4209 | D        | Noticed a fire giant
  4220 | D        | Noticed a rakshasa
  4226 | D        | Killed a centaur warrior
  4227 | D        | Noticed a rakshasa
  4230 | D        | Killed a deep troll shaman
  4244 | D        | Killed a rakshasa
  4245 | D        | Reached skill level 19 in Armour
  4253 | D        | Killed a rakshasa
  4260 | D        | Killed a fire giant
  4279 | D        | Killed a rakshasa
  4354 | D        | Noticed Nessos
  4374 | D        | Killed Nessos
  4498 | D        | Noticed a satyr
  4498 | D        | Noticed a merfolk avatar
  4514 | D        | Reached skill level 15 in Fighting
  4526 | D        | Noticed a merfolk avatar
  4535 | D        | Killed a merfolk avatar
  4541 | D        | Killed a satyr
  4556 | D        | Reached skill level 20 in Armour
  4564 | D        | Killed a merfolk avatar
  4750 | D        | Noticed a nagaraja
  4750 | D        | Noticed a naga warrior
  4765 | D        | Killed a naga warrior
  4773 | D        | Killed a nagaraja
  4774 | D        | Reached skill level 5 in Dodging
  4774 | D        | Reached XP level 13. HP: 82/136 MP: 13/13
  4790 | D        | HP: 5/138 [shock serpent/bolt of electricity (10)]
  4790 | D        | Killed from afar by a shock serpent

Illustrated notes

Levels and vault maps discovered:
D:        linesprint [early_d, line_temple, items_1, d_10, items_2, lair_1,
          lair_end, items_3, orc_1, orc_end, items_4, d_15, swamp_1, shoals_1,
          snake_1, spider_1, d_20, vaults_1, items_5, swamp_end, shoals_end,
          snake_end, spider_end, vaults_end, d_27, items_6, zot_1, zot_end,
          crypt_end, forest_end, elf_end, slime_end, tomb_end, abyss_end,
          pan_hell_end]

Skill      XL: |  1  2  3  4  5  6  7  8  9 10 11 12 13 |
---------------+----------------------------------------+-----
Armour         | 4 5 9 11 13 14 16 18 20 | 20.3
Fighting       | 3 4 7 8 9 11 13 16 | 16.2
Shields        | 4 5 7 8 9 10 11 12 13 14 | 14.0
Maces & Flails | 2 6 7 9 11 12 14 15 17 | 17.9
Dodging        | 1 2 3 4 5 |  5.1
Stealth        | 2 5 6 7 8 9 |  9.8
Evocations     | 2 3 4 |  4.4
Throwing       | 2 |  2.3

Action                   |  1- 3 |  4- 6 |  7- 9 | 10-12 | 13-15 || total
-------------------------+-------+-------+-------+-------+-------++-------
Melee: Flail             |    33 |     6 |    75 |   444 |       ||   558
       Tailslap          |     3 |     1 |    11 |    90 |     3 ||   108
       Morningstar       |       |       |       |   185 |    17 ||   202
Throw: Dart              |       |       |       |     6 |       ||     6
Invok: Call Merchant     |       |       |       |     3 |       ||     3
       Potion Petition   |       |       |       |     3 |       ||     3
Evoke: Wand              |       |       |     7 |     3 |       ||    10
  Use: Potion            |     7 |       |     3 |     9 |       ||    19
       Scroll            |       |       |       |     4 |       ||     4
 Stab: Invisible         |       |       |     3 |       |       ||     3
       Distracted        |       |       |       |     8 |     1 ||     9
Armor: Scale mail        |    13 |       |       |       |       ||    13
       Chain mail        |     2 |     1 |    35 |   218 |    10 ||   266
Dodge: Dodged            |     6 |       |    22 |   115 |     3 ||   146
Block: Buckler           |     4 |     1 |    20 |    93 |     5 ||   123

Table legend: (Time is in decaauts)
 A = Elapsed time spent in this place.
 B = Non-inter-level travel time spent in this place.
 C = Inter-level travel time spent in this place.
 D = Time resting spent in this place.
 E = Time spent auto-exploring this place.
 F = Levels seen in this place.
 G = Mean time per level.
                   A        B        C        D        E       F      G
               +--------+--------+--------+--------+--------+-----+--------+
         Total |   4620 |   4620 |      0 |   1683 |    929 |   1 | 4620.0 |
       Dungeon |   4620 |   4620 |      0 |   1683 |    929 |   1 | 4620.0 |
               +--------+--------+--------+--------+--------+-----+--------+

Top non-repeatable levels by time:
       D: 4620 daAuts
